 Dungeon Crawl Stone Soup version 0.26.0-10-g1f06aea511 (webtiles) character file.

Game seed: 979494695050582573

220 Borgoz the Slasher (level 5, 0/45 HPs)
             Began as a Ghoul Gladiator on Feb 1, 2021.
             Slain by a leopard gecko (5 damage)
             ... on level 3 of the Dungeon.
             The game lasted 00:03:24 (1651 turns).

Borgoz the Slasher (Ghoul Gladiator)                Turns: 1651, Time: 00:03:24

Health: 0/45       AC:  5    Str: 18    XL:     5   Next: 97%
Magic:  4/4        EV: 13    Int:  3    God:
Gold:   93         SH:  0    Dex: 11    Spells: 4/4 levels left

rFire    . . .     SeeInvis .   a - +1 long sword
rCold    + . .     Faith    +   (no shield)
rNeg     + + +     Spirit   .   b - +0 leather armour
rPois    ∞         Reflect  .   c - +0 helmet
rElec    .         Harm     .   (no cloak)
rCorr    .         Rampage  .   (no gloves)
Will     .....                  f - +0 pair of boots
Stlth    +.........             k - amulet of faith (curse)
HPRegen  0.00/turn              (no ring)
MPRegen  0.09/turn              (no ring)

@: no status effects
A: claws 1, cold resistance 1, negative energy resistance 3, inhibited
regeneration, torment resistance, unbreathing
a: no special abilities


You were on level 3 of the Dungeon.
You visited 1 branch of the dungeon, and saw 3 of its levels.

You collected 93 gold pieces.

Inventory:

Hand Weapons
 a - a +1 long sword (weapon)
Armour
 b - a +0 leather armour (worn)
 c - a +0 helmet (worn)
 f - a +0 pair of boots (worn)
Jewellery
 k - a cursed amulet of faith (around neck)
Scrolls
 e - 3 scrolls of remove curse
 i - a scroll of enchant armour {unknown}


   Skills:
 + Level 3.3 Fighting
 * Level 4.0 Long Blades
 - Level 1.7 Throwing
 + Level 1.7 Armour
 * Level 4.0 Dodging


You had 4 spell levels left.
You didn't know any spells.
Your spell library was empty.

Dungeon Overview and Level Annotations

Branches:
Dungeon (3/15)

Altars:
Okawaru


Innate Abilities, Weirdness & Mutations

You thrive by killing the living.
You are immune to poison.
You have sharp fingernails.
Your flesh is cold resistant. (rC+)
You are immune to negative energy. (rN+++)
You do not regenerate when monsters are visible.
You are immune to unholy pain and torment.
You can survive without breathing.


Message History

You slash the rat!
You kill the rat!
You feel better. The bat closely misses you.
The bat hits you but does no damage.
The orc hits you from afar with a +0 trident!
* * * LOW HITPOINT WARNING * * *
You barely miss the bat. The bat misses you.
You riposte.
You slash the bat!
You kill the bat!
The orc hits you but does no damage. The orc misses you.
Items here: ( )))) [ ††††.
You slash the orc!
You kill the orc!
You see here a +0 trident.
You start resting.
You feel a little less mighty now.
You start resting.
A leopard gecko comes into view.
The leopard gecko bites you.
You die...

.. #.####### .........
........# ......l.#
.......@# ........##
####....)#########
.....###(##......#
..... #†#.......##
..#. #..(.......## .
##....)##........#####
#..##.##.............
#.. #.##...........##


You could see a leopard gecko.

Vanquished Creatures
  A scorpion (D:3)
  2 orc wizards (D:3)
  Terence (D:3)
  2 adders
  An ooze (D:1)
  3 leopard geckos
  6 orcs (D:3)
  9 bats
  4 giant cockroaches
  6 goblins
  6 hobgoblins
  3 jackals (D:1)
  6 kobolds
  4 frilled lizards
  8 rats
62 creatures vanquished.

Notes
Turn   | Place    | Note
-------+----------+-------------------------------------------
     0 | D:1      | Borgoz the Ghoul Gladiator began the quest for the Orb.
     0 | D:1      | Reached XP level 1. HP: 17/17 MP: 0/0
   126 | D:1      | Reached XP level 2. HP: 25/25 MP: 1/1
   584 | D:1      | Reached XP level 3. HP: 30/30 MP: 2/2
   799 | D:2      | Found an iron altar of Okawaru.
  1020 | D:2      | Reached skill level 1 in Armour
  1235 | D:3      | Noticed Terence
  1240 | D:3      | Reached XP level 4. HP: 34/37 MP: 3/3
  1263 | D:3      | Killed Terence
  1591 | D:3      | Reached XP level 5. HP: 19/45 MP: 4/4
  1606 | D:3      | HP: 2/45 [something (1)]
  1619 | D:3      | HP: 1/45 [orc/+0 trident (7)]
  1651 | D:3      | Slain by a leopard gecko

Illustrated notes

Levels and vault maps discovered:
D:1:      giann_horns, layout_basic
D:2:      layout_rooms, okawaru_metal_pillars_1_2
D:3:      layout_basic, nicolae_dithmenos_shadow_blocks, marbit_many_paths,
          uniq_terence, uniq_ijyb, uniq_grinder

Skill      XL: |  1  2  3  4  5 |
---------------+----------------+-----
Dodging        | 3 4 |  4.0
Long Blades    | 3 4 |  4.0
Armour         | 1 |  1.7
Fighting       | 3 |  3.3
Throwing       | |  1.7

Action                   |  1- 3 |  4- 6 || total
-------------------------+-------+-------++-------
Melee: Long sword        |    97 |    76 ||   173
Throw: Throwing net      |       |     3 ||     3
  Use: Scroll            |     7 |     1 ||     8
       Potion            |       |     2 ||     2
 Stab: Held in net/web   |       |     1 ||     1
Armor: Leather armour    |    55 |    27 ||    82
Dodge: Dodged            |    94 |    58 ||   152
       Rpst.: Long sword |    31 |    18 ||    49
